 Dungeon Crawl Stone Soup version 0.26-a0-1213-gd52f5182fe (webtiles) character file.

Game seed: 12983275285579304408

3172 Conn the Firebug (level 9, -10/53 HPs)
             Began as an Octopode Fire Elementalist on Dec 30, 2020.
             Was a Follower of Sif Muna.
             Mangled by an ogre
             ... wielding a +0 giant club
              (26 damage)
             ... on level 8 of the Dungeon.
             The game lasted 00:29:35 (9380 turns).

Conn the Firebug (Octopode Fire Elementalist)       Turns: 9380, Time: 00:29:36

Health: -10/53     AC:  1    Str:  7    XL:     9   Next: 94%
Magic:  7/17       EV: 14    Int: 21    God:    Sif Muna [*.....]
Gold:   25         SH:  0    Dex: 12    Spells: 3/19 levels left

rFire    + + +     SeeInvis +   K - +5 broad axe of Extermination {drain, rPois rF+++ Will- SInv}
rCold    . . .     Faith    .   (no shield)
rNeg     + . .     Spirit   .   (helmet restricted)
rPois    +         Reflect  .   u - amulet of magic regeneration
rElec    .         Harm     .   x - ring of willpower
rCorr    .         Rampage  .   E - ring of positive energy
Will     .....                  (no ring)
Stlth    ++++......             (no ring)
HPRegen  0.17/turn              (no ring)
MPRegen  0.40/turn              (no ring)
                                (no ring)
                                (no ring)

@: very slightly contaminated
A: almost no armour, stealthy swim, amphibious, 8 rings, constrict 8, camouflage
1, gelatinous body 1
a: Renounce Religion, Channel Magic


You were on level 8 of the Dungeon.
You worshipped Sif Muna.
Sif Muna was aware of your devotion.
You visited 2 branches of the dungeon, and saw 9 of its levels.

You collected 364 gold pieces.
You spent 339 gold pieces at shops.

Inventory:

Hand Weapons
 a - a +0 dagger
 J - a +3 quarterstaff of chaos
 K - the +5 broad axe of Extermination (weapon) {drain, rPois rF+++ Will- SInv}
   (You bought it in a shop on level 4 of the Dungeon)

   A truly terrible weapon, it drains the life of those it strikes.
   It renders you almost immune to fire.
   It protects you from poison.
   It affects your willpower, your defense against some magical effects.
   It lets you see invisible.
Missiles
 c - 32 poisoned darts
 d - 64 sling bullets
 I - 5 curare-tipped darts (quivered)
Armour
 e - a +0 kite shield
Jewellery
 u - an amulet of magic regeneration (around mantle)
 v - an uncursed ring of ice
 x - a ring of willpower (left tentacle)
 C - an uncursed amulet of faith {unknown}
 D - an uncursed amulet of the acrobat {unknown}
 E - a ring of positive energy (right tentacle)
Wands
 f - a wand of random effects (42)
 n - a wand of paralysis (2)
 y - a wand of flame (2)
 A - a wand of iceblast (6)
Scrolls
 i - 5 scrolls of identify
 j - 5 scrolls of remove curse {unknown}
 k - a scroll of enchant armour {unknown}
 o - 3 scrolls of magic mapping {unknown}
 q - 2 scrolls of immolation {unknown}
 r - 3 scrolls of enchant weapon {unknown}
 s - 4 scrolls of teleportation
 t - a scroll of amnesia {unknown}
 w - a scroll of blinking {unknown}
 B - 3 scrolls of fog {unknown}
 G - a scroll of fear {unknown}
 H - a scroll of noise {unknown}
Potions
 b - a potion of brilliance
 g - a potion of ambrosia {unknown}
 h - a potion of magic {unknown}
 l - a potion of haste {unknown}
 m - 2 potions of degeneration {unknown}
 p - a potion of berserk rage {unknown}
 z - a potion of lignification {unknown}


   Skills:
 + Level 1.4 Fighting
 + Level 2.2 Short Blades
 + Level 4.0 Dodging
 + Level 7.6 Stealth
 + Level 5.6 Spellcasting
 * Level 5.8 Conjurations
 * Level 7.8 Fire Magic
 * Level 4.1 Invocations
 + Level 0.8 Evocations


You had 3 spell levels left.
You knew the following spells:

 Your Spells              Type           Power        Failure   Level
a - Foxfire               Conj/Fire      100%         1%          1
b - Conjure Flame         Conj/Fire      34%          1%          3
c - Inner Flame           Hex/Fire       22%          6%          3
d - Sticky Flame          Conj/Fire      34%          6%          4
e - Fireball              Conj/Fire      17%          17%         5

Your spell library contained the following spells:

 Spells                   Type           Power        Failure   Level
 Corona                   Hex            5%           11%         1
 Confusing Touch          Hex            5%           30%         3
 Gell's Gravitas          Tloc           2%           30%         3
 Petrify                  Tmut/Erth      5%           71%         4
 Metabolic Englaciation   Hex/Ice        2%           96%         5
 Yara's Violent Unravell  Hex/Tmut       2%           96%         5


Dungeon Overview and Level Annotations

Branches:
Dungeon (8/15)             Temple (1/1) D:4
   Lair: D:8-11

Altars:
Ashenzari
Cheibriados
Dithmenos
Elyvilon
Fedhas
Gozag
Hepliaklqana
Kikubaaqudgha
Makhleb
Nemelex Xobeh
Okawaru
Qazlal
Ru
Sif Muna
Trog
Uskayaw
Vehumet
Wu Jian
Xom
Yredelemnul
Zin
The Shining One

Shops:
D:4 =**[(

Annotations:
D:4 2 transporters


Innate Abilities, Weirdness & Mutations

You cannot wear most types of armour.
You are very stealthy in the water. (Stealth+)
You are amphibious.
You can wear up to eight rings at the same time.
You can use your tentacles to constrict eight enemies at once.
Your skin changes colour to match your surroundings (Stealth+).
Your rubbery body absorbs attacks. (AC +1, EV +1)


Message History

The jackal barely misses you.
Casting: Fireball (quite dangerous; 17% risk of failure)
Confirm with . or Enter, or press ? or * to list all spells.
Okay, then.
You feel much better.
The ogre hits you with a +0 giant club!!
* * * LOW HITPOINT WARNING * * *
The jackal barely misses you. The jackal misses you.
Okay, then.
Okay, then.
Casting: Fireball (quite dangerous; 17% risk of failure)
Confirm with . or Enter, or press ? or * to list all spells.
Aiming: Sticky Flame (dangerous; 6% risk of failure)
Press: ? - help, Shift-Dir - straight line, f/p - ogre
Aim: an ogre, wielding a +0 giant club (heavily wounded, 0% to evade)
You miscast Sticky Flame.
You are very lightly contaminated with residual magic.
Nothing appears to happen.
The jackal barely misses you. The jackal misses you.
The ogre hits you with a +0 giant club!!
You die...

#....#...### #....
#h.h....###.....
############...............
.............h#............
.)#############..##........
#....# #...#...?.....
####.# ##..##......... #.#
#.O##......... #.#
######@h...........
#.######≈≈≈##h##..........#
#......#≈_≈##B.....$......#
######)#...#h###...........
#.#.≈.#..hh......>....
#.#...######..........
#.#.≈.# ##........ #.#...#
#h...#### #.#.≈.# #....#


You could see an ogre, a worker ant and 3 jackals.

Vanquished Creatures
  Grinder (D:6)
  Sigmund (D:6)
  Menkaure (D:5)
  Duvessa (D:5)
  A sky beast (D:5)
  2 ice beasts
  3 necrophages
  3 ogres
  2 centaurs
  Blork the orc (D:6)
  A big kobold (D:7)
  3 bullfrogs
  3 scorpions
  Dowan (D:5)
  4 wights (D:7)
  A howler monkey (D:6)
  A bullfrog zombie (D:6)
  3 hounds
  6 orc wizards (D:4)
  Crazy Yiuf (D:7)
  3 orc priests (D:4)
  A jelly (D:7)
  3 bullfrog skeletons
  Ijyb (D:3)
  6 worker ants
  A worker ant zombie (D:6)
  3 gnolls (D:6)
  A howler monkey skeleton (D:5)
  7 adders
  An ufetubus (D:5)
  2 adder skeletons
  4 worms
  A dart slug (D:3)
  2 leopard geckos
  18 orcs
  4 bats
  5 giant cockroaches
  6 goblins
  4 hobgoblins
  2 jackals (D:2)
  3 quokkas
  A ball python (D:5)
  4 frilled lizards
  12 kobolds
  A leopard gecko skeleton (D:4)
  A quokka skeleton (D:4)
  4 rats
  A spectral orc (D:4)
142 creatures vanquished.

Vanquished Creatures (others)
  371 foxfires
371 creatures vanquished.

Grand Total: 513 creatures vanquished

Notes
Turn   | Place    | Note
-------+----------+-------------------------------------------
     0 | D:1      | Conn the Octopode Fire Elementalist began the quest for the
                  | Orb.
     0 | D:1      | Reached XP level 1. HP: 11/11 MP: 3/3
   666 | D:1      | Reached XP level 2. HP: 10/17 MP: 1/5
  1290 | D:2      | Reached XP level 3. HP: 21/21 MP: 2/6
  1364 | D:2      | Learned a level 3 spell: Conjure Flame
  2225 | D:3      | Reached skill level 1 in Short Blades
  2225 | D:3      | Reached XP level 4. HP: 25/27 MP: 3/7
  2389 | D:3      | Noticed Ijyb
  2642 | D:4      | Reached XP level 5. HP: 27/31 MP: 3/8
  2687 | D:4      | Found a transporter.
  2701 | D:4      | Found a transporter.
  2703 | D:4      | Found Orots's General Store.
  2715 | D:4      | Bought a scroll of teleportation for 36 gold pieces
  2869 | D:4      | Found Ybuanoyt's General Store.
  2875 | D:4      | Bought a potion of curing for 33 gold pieces
  2887 | D:4      | Found a staircase to the Ecumenical Temple.
  2902 | Temple   | Entered the Ecumenical Temple
  3237 | D:4      | Reached XP level 6. HP: 22/36 MP: 8/10
  3290 | D:4      | Found a snail-covered altar of Cheibriados.
  3366 | D:4      | Found Ireorr Nuemm's Armour Emporium.
  3525 | D:4      | Learned a level 3 spell: Inner Flame
  3530 | D:4      | Learned a level 4 spell: Sticky Flame
  3650 | D:4      | Found Dac Tuos's Antique Weapon Emporium.
  3710 | D:4      | Found a basalt altar of Yredelemnul.
  3792 | D:4      | Found an ancient bone altar of Kikubaaqudgha.
  3889 | D:4      | Reached skill level 5 in Stealth
  3987 | D:4      | Reached XP level 7. HP: 42/42 MP: 7/12
  4064 | D:4      | Reached skill level 1 in Fighting
  4085 | D:4      | Found Ohinout's Jewellery Shop.
  4152 | D:4      | Found a radiant altar of Vehumet.
  4273 | D:4      | Found a shimmering blue altar of Sif Muna.
  4279 | D:4      | Identified Sif Muna's Grimoire of Bewitchment
  4282 | D:4      | Became a worshipper of Sif Muna the Loreminder
  4417 | D:3      | Found a broken altar of Ashenzari.
  4462 | D:3      | Found a shimmering altar of Xom.
  4470 | D:3      | Found a sparkling altar of Nemelex Xobeh.
  4586 | D:3      | Killed Ijyb
  4587 | D:3      | Reached skill level 5 in Fire Magic
  4891 | D:3      | Found a faded altar of an unknown god.
  4994 | D:5      | Entered Level 5 of the Dungeon
  5048 | D:5      | Noticed Dowan
  5052 | D:5      | Noticed Duvessa
  5062 | D:5      | Killed Dowan
  5302 | D:5      | Reached skill level 1 in Invocations
  5302 | D:5      | Reached XP level 8. HP: 48/48 MP: 10/14
  5548 | D:5      | Reached * piety under Sif Muna
  5960 | D:5      | Killed Duvessa
  6423 | D:5      | Learned a level 5 spell: Fireball
  6430 | D:5      | Found a hazy altar of Hepliaklqana.
  6505 | D:5      | Found a hide-covered altar of Uskayaw.
  6506 | D:5      | Noticed Menkaure
  6512 | D:5      | Killed Menkaure
  6712 | D:6      | Noticed Grinder
  6723 | D:6      | Killed Grinder
  6724 | D:6      | Reached skill level 5 in Spellcasting
  6724 | D:6      | Reached XP level 9. HP: 32/53 MP: 12/16
  6724 | D:6      | Noticed Blork the orc
  6881 | D:6      | Reached skill level 5 in Conjurations
  7009 | D:6      | Killed Blork the orc
  7087 | D:6      | Noticed Sigmund
  7093 | D:6      | Killed Sigmund
  8755 | D:7      | Found a runed translucent door.
  8756 | D:7      | Noticed Crazy Yiuf
  8778 | D:7      | Killed Crazy Yiuf
  9132 | D:4      | Bought a crystal broad axe for 270 gold pieces
  9132 | D:4      | Identified the +5 broad axe of Extermination {drain, rPois
                  | rF+++ Will- SInv} (You bought it in a shop on level 4 of
                  | the Dungeon)
  9297 | D:8      | Found a sacrificial altar of Ru.
  9380 | D:8      | Mangled by an ogre

Illustrated notes

Levels and vault maps discovered:
D:1:      matt_arrival_diagonals, layout_basic, serial_bayou_pond_e
D:2:      layout_basic, dk_vineyard_2
D:3:      layout_rooms, grunt_temple_overflow_open, old_standard_altar,
          chequers_ecumenical_altar_lobes, minmay_misc_feat_plants,
          minmay_fountain_box, uniq_ijyb
D:4:      gammafunk_wand_slinger, layout_loops_corners,
          grunt_temple_overflow_magic_moments, nicolae_overflow_crystal_walls,
          yredelemnul_forgotten_temple_becter, minmay_temple_entry_tees,
          serial_shops, shop_statue, kennysheep_mini_moat,
          kennysheep_little_box, shop, shop, nicolae_ossuary_entry_plus
D:5:      layout_basic, nzn_hepliaklqana_mist_gate, lemuel_round_altar,
          uniq_menkaure, uniq_duvessa
D:6:      layout_cave_pods, uniq_sigmund, uniq_blork_the_orc, uniq_grinder
D:7:      layout_loops_corners, uniq_crazy_yiuf_cottage
D:8:      layout_rooms, nicolae_ru_path_of_blood
Temple:   bh_familiar_temple

Skill      XL: |  1  2  3  4  5  6  7  8  9 |
---------------+----------------------------+-----
Stealth        | 3 4 5 6 7 |  7.6
Fire Magic     | 4 5 6 7 |  7.8
Short Blades   | 1 2 |  2.2
Spellcasting   | 3 4 5 |  5.6
Conjurations   | 2 3 4 5 |  5.8
Fighting       | 1 |  1.4
Dodging        | 3 4 |  4.0
Invocations    | 1 3 4 |  4.1
Evocations     | |  0.8

Action                   |  1- 3 |  4- 6 |  7- 9 || total
-------------------------+-------+-------+-------++-------
Melee: Dagger            |    15 |    57 |    93 ||   165
       Constrict         |     5 |    14 |    17 ||    36
       Tentacles         |     3 |    11 |    15 ||    29
       Broad axe         |       |       |     4 ||     4
 Cast: Foxfire           |    46 |    37 |   142 ||   225
       Conjure Flame     |       |     2 |    15 ||    17
       Sticky Flame      |       |       |    11 ||    11
       Fireball          |       |       |     2 ||     2
Evoke: Wand              |       |     3 |     5 ||     8
  Use: Potion            |     1 |     1 |     4 ||     6
       Scroll            |     1 |       |       ||     1
 Stab: Sleeping          |     2 |     5 |    12 ||    19
       Paralysed         |       |     3 |       ||     3
       Distracted        |       |       |     1 ||     1
Armor: Skin              |       |     2 |     5 ||     7
Dodge: Dodged            |     8 |    35 |    77 ||   120

Table legend: (Time is in decaauts)
 A = Elapsed time spent in this place.
 B = Non-inter-level travel time spent in this place.
 C = Inter-level travel time spent in this place.
 D = Time resting spent in this place.
 E = Time spent auto-exploring this place.
 F = Levels seen in this place.
 G = Mean time per level.
                   A        B        C        D        E       F      G
               +--------+--------+--------+--------+--------+-----+--------+
         Total |   9373 |   8888 |    485 |   1185 |   5423 |   9 | 1041.4 |
       Dungeon |   9169 |   8684 |    485 |   1185 |   5269 |   8 | 1146.1 |
        Temple |    203 |    203 |      0 |      0 |    154 |   1 |  203.0 |
               +--------+--------+--------+--------+--------+-----+--------+

Top non-repeatable levels by time:
     D:4: 1601 daAuts
     D:5: 1527 daAuts
     D:6: 1354 daAuts
     D:7: 1324 daAuts
     D:1: 1123 daAuts
     D:3: 1057 daAuts
     D:2: 1025 daAuts
  Temple: 203 daAuts
     D:8: 155 daAuts
